Map: 暮色之塔

Players

IlIlIlIlIlIl

  • Race: Zerg Zerg
  • League: Master

IIIIIIIIIIII - Winner!

  • Race: Protoss Protoss
  • League: Grandmaster

VOD

Have the link to the VOD?

Description

Time

  • Played on: Jan. 22, 2016, 8:43 p.m.
  • Length: 8:19
Show
View Real Time Build Order
Export as new Build Order

IlIlIlIlIlIl Zerg 

Build Orders: Hatch First 

Get SALT Encoding   

  12  0:01  Drone  
  13  0:08  Drone  
  14  0:17  Overlord  
  14  0:23  Drone, Extractor  
  15  0:36  Drone x2  
  17  0:53  Hatchery  
  16  0:57  Drone  
  16  0:59  Drone  
  18  1:12  Spawning Pool  
  18  1:15  Drone  
  18  1:34  Hatchery  
  18  1:36  Drone  
  18  1:40  Drone  
  18  1:42  Extractor  
  18  1:45  Drone  
  19  1:51  Drone  
  20  1:59  Queen  
  22  2:07  Queen  
  24  2:11  Zergling x2  
  25  2:17  Overlord  
  25  2:20  Drone  
  26  2:23  Drone  
  26  2:26  Drone  
  28  2:37  Drone x2  
  28  2:42  Metabolic Boost, Drone  
  28  2:43  Drone  
  32  2:47  Drone  
  32  2:51  Drone  
  34  2:56  Queen  
  36  2:59  Drone  
  36  3:01  Drone  
  36  3:04  Drone  
  36  3:05  Drone  
  40  3:09  Overlord  
  40  3:11  Drone  
  40  3:12  Drone  
  41  3:15  Evolution Chamber  
  41  3:19  Drone  
  41  3:20  Overlord  
  41  3:29  Zergling x4  
  41  3:30  Drone  
  41  3:31  Drone x2  
  41  3:32  Drone  
  41  3:33  Drone  
  48  3:36  Drone  
  49  3:41  Drone  
  49  3:42  Drone x3  
  49  3:43  Drone  
  49  3:47  Zerg Melee Weapons Level 1  
  54  3:50  Overlord  
  54  3:53  Drone x2  
  56  3:57  Overlord  
  56  4:04  Drone  
  57  4:10  Extractor, Zergling x8  
  57  4:11  Zergling x2  
  57  4:15  Zergling x6  
  64  4:20  Drone  
  64  4:21  Drone x2  
  64  4:22  Drone  
  64  4:24  Drone  
  69  4:25  Roach Warren  
  69  4:27  Drone  
  69  4:29  Drone  
  69  4:30  Drone  
  71  4:32  Hatchery  
  70  4:45  Drone x3  
  73  4:47  Extractor  
  73  4:49  Overlord x2, Extractor  
  71  4:54  Lair, Drone  
  71  4:55  Drone  
  71  4:57  Extractor  
  71  4:58  Hatchery  
  71  5:02  Overlord x3  
  70  5:10  Roach x3  
  70  5:11  Roach x2  
  80  5:15  Overlord x2  
  80  5:17  Roach  
  81  5:24  Drone x3  
  81  5:25  Drone x2  
  81  5:26  Roach  
  81  5:27  Roach  
  90  5:35  Drone x3  
  92  5:36  Zergling x4  
  92  5:38  Drone  
  92  5:40  Extractor  
  92  5:41  Zerg Missile Weapons Level 1  
  95  5:46  Roach  
  95  5:49  Roach x2  
  99  5:50  Roach x2  
  87  5:57  Roach x3  
  92  6:07  Roach  
  92  6:11  Roach x3  
  85  6:28  Spore Crawler  
  81  6:33  Spire  
  81  6:36  Drone  
  81  6:41  Drone x3  
  81  6:42  Drone  
  81  6:46  Drone x2  
  88  6:47  Drone  
  88  6:51  Drone  
  88  6:54  Drone x3  
  91  7:01  Drone x3  
  91  7:02  Drone  
  91  7:05  Drone  
  94  7:10  Drone x3  
  94  7:13  Drone x2  
  94  7:18  Drone  
  94  7:30  Drone x3  
  94  7:42  Drone x4  
  98  7:44  Mutalisk  
  98  7:45  Mutalisk x2  
  98  7:47  Mutalisk x2  
  98  7:51  Mutalisk  
  108  7:56  Drone  
  108  7:58  Roach x5  
  111  7:59  Evolution Chamber  
  111  8:00  Evolution Chamber  
  111  8:02  Drone x3  
  111  8:05  Drone  
  113  8:12  Ravager x5  
Show
View Real Time Build Order
Export as new Build Order

IIIIIIIIIIII Protoss - Winner!

Build Orders: 1 Gate Expand 

Get SALT Encoding   

  12  0:01  Probe (Chrono Boost)  
  13  0:12  Probe (Chrono Boost)  
  14  0:22  Probe (Chrono Boost)  
  14  0:23  Pylon  
  15  0:41  Probe (Chrono Boost)  
  16  0:46  Gateway  
  16  0:47  Assimilator  
  16  0:52  Probe (Chrono Boost)  
  17  1:02  Probe (Chrono Boost)  
  18  1:13  Probe (Chrono Boost)  
  19  1:22  Nexus  
  19  1:26  Probe (Chrono Boost)  
  20  1:36  Cybernetics Core  
  20  1:38  Probe (Chrono Boost)  
  21  1:46  Assimilator  
  21  1:50  Probe (Chrono Boost)  
  21  1:53  Pylon  
  22  2:00  Probe (Chrono Boost)  
  23  2:11  Probe (Chrono Boost)  
  23  2:13  Adept (Chrono Boost)  
  23  2:15  Warp Gate  
  26  2:23  Probe  
  26  2:24  Twilight Council  
  27  2:33  Probe  
  27  2:35  Probe  
  29  2:42  Stalker (Chrono Boost)  
  29  2:44  Probe  
  31  2:47  Probe  
  33  2:54  Probe  
  33  2:55  Resonating Glaives (Chrono Boost)  
  34  3:00  Probe  
  34  3:05  Probe  
  35  3:12  Probe  
  37  3:15  Probe  
  37  3:17  Pylon  
  37  3:18  Robotics Facility  
  38  3:24  Probe  
  38  3:26  Probe  
  40  3:36  Probe  
  40  3:37  Gateway, Probe  
  40  3:38  Gateway  
  42  3:42  Pylon  
  42  3:51  Gateway  
  42  3:53  Gateway  
  42  3:54  Pylon  
  42  3:58  Mothership Core (Chrono Boost)  
  42  4:01  Probe (Chrono Boost)  
  45  4:06  Warp Prism (Chrono Boost)  
  47  4:12  Probe  
  47  4:16  Pylon  
  48  4:18  Adept  
  48  4:23  Probe (Chrono Boost), Assimilator  
  52  4:25  Probe (Chrono Boost)  
  52  4:28  Assimilator  
  52  4:33  Adept x2  
  52  4:34  Probe (Chrono Boost)  
  52  4:38  Probe (Chrono Boost)  
  58  4:48  Stalker  
  60  4:56  Probe (Chrono Boost)  
  61  5:05  Pylon  
  61  5:07  Pylon  
  61  5:09  Adept x4  
  69  5:16  Nexus  
  69  5:21  Probe (Chrono Boost)  
  69  5:23  Probe (Chrono Boost)  
  69  5:26  Pylon  
  71  5:29  Observer  
  72  5:40  Adept x5  
  84  5:50  Probe (Chrono Boost)  
  84  5:51  Probe (Chrono Boost)  
  84  5:55  Immortal  
  80  6:00  Probe (Chrono Boost)  
  85  6:06  Blink (Chrono Boost)  
  75  6:26  Probe (Chrono Boost)  
  75  6:29  Immortal, Probe (Chrono Boost)  
  75  6:30  Sentry x4, Probe (Chrono Boost)  
  86  6:37  Probe  
  86  6:39  Probe  
  91  6:41  Gateway  
  91  6:42  Probe, Gateway  
  91  6:45  Gateway  
  87  6:48  Pylon  
  87  6:49  Probe  
  87  6:50  Probe  
  87  6:52  Pylon  
  89  6:55  Pylon  
  89  6:57  Pylon  
  89  6:58  Adept x4  
  97  7:05  Immortal  
  97  7:07  Sentry  
  103  7:19  Stalker x4  
  111  7:24  Probe  
  111  7:26  Probe x2  
  114  7:30  Forge  
  114  7:35  Probe  
  113  7:38  Probe x2  
  113  7:39  Stalker  
  117  7:45  Probe  
  118  7:53  Pylon  
  118  7:55  Pylon  
  118  7:56  Stalker  
  120  8:05  Stalker x5  
  122  8:06  Stalker x2  
  122  8:12  Pylon  
  134  8:13  Pylon  
Tags
 
Add a new tag
Caveats
  • Supply blocks, unpowered buildings, or Contaminate may cause inaccurate times.
  • Supply counts are checked every 10 seconds.